 Dungeon Crawl Stone Soup version 0.22-a0-284-g99d1f74 (webtiles) character file.

78 Gildeon the Magician (level 3, -3/26 HPs)
             Began as a Demigod Conjurer on Mar 20, 2018.
             Killed by nerve-wracking pain
             ... invoked by an orc priest
              (12 damage)
             ... on level 3 of the Dungeon.
             The game lasted 00:19:41 (3203 turns).

Gildeon the Magician (Demigod Conjurer)             Turns: 3203, Time: 00:19:42

Health: -3/26      AC:  5    Str: 11    XL:     3   Next: 94%
Magic:  6/11       EV: 12    Int: 21    God:
Gold:   187        SH:  0    Dex: 16    Spells: 3/9 levels left

rFire    . . .     SeeInvis .   e - +0 club
rCold    . . .     Gourm    .   (no shield)
rNeg     . . .     Faith    .   a - +0 robe
rPois    .         Spirit   .   d - +1 helmet
rElec    .         Reflect  .   (no cloak)
rCorr    .         Harm     .   (no gloves)
MR       .....                  h - +0 pair of boots
Stlth    ++........             (no amulet)
HPRegen  0.08/turn              (no ring)
MPRegen  0.12/turn              (no ring)

@: no status effects
A: high mp 1
a: no special abilities


You were on level 3 of the Dungeon.
You were not hungry.

You visited 1 branch of the dungeon, and saw 4 of its levels.

You collected 187 gold pieces.

Inventory:

Hand Weapons
 e - a +0 club (weapon)
Armour
 a - a +0 robe (worn)
 d - a +1 helmet (worn)
 h - a +0 pair of boots (worn)
Wands
 k - a wand of acid (10)
Scrolls
 i - a scroll of teleportation
 l - 3 scrolls of remove curse
Potions
 b - 2 potions of ambrosia
 f - a potion of cancellation
 g - 2 potions of curing
 j - a potion of heal wounds
 m - a potion of brilliance
 n - a potion of lignification {unknown}
Comestibles
 c - 2 rations
 o - 3 chunks of flesh


   Skills:
 - Level 1.7 Dodging
 - Level 1.7 Stealth
 + Level 3.8 Spellcasting
 - Level 3.6 Conjurations


You had 3 spell levels left.
You knew the following spells:

 Your Spells              Type           Power        Failure   Level  Hunger
a - Magic Dart            Conj           ###.         2%          1    None
b - Searing Ray           Conj           ###...       4%          2    #......
c - Dazzling Spray        Conj/Hex       ##....       17%         3    ###....


Dungeon Overview and Level Annotations

Branches:
Dungeon (4/15)
 Temple: D:4-7


Innate Abilities, Weirdness & Mutations

You have an increased reservoir of magic. (+10% MP)


Message History

Aiming: Searing Ray (safe; 4% risk of failure)
Press: ? - help, Shift-Dir - straight line, f/p - orc
Aim: an orc, wielding a war axe and wearing a scale mail (heavily wounded)
The searing ray hits the orc.
The orc is heavily wounded. (Press . to maintain the ray.)
The orc hits you but does no damage.
The orc priest calls down the wrath of Beogh upon you.
Beogh smites you!
The orc wizard mumbles some strange words.
The orc wizard flickers and vanishes!
Deactivating autopickup; reactivate with Ctrl-A.
The searing ray hits the orc.
The orc is severely wounded.
The orc closely misses you.
The searing ray hits the orc.
You kill the orc!
The orc priest mumbles some strange prayers to Beogh against you.
Pain shoots through your body!
You die...

#........##. ###+#
#........##.
........##'#+####.
######.#######.#......
#..............#..####
#...##.##.######..# #.$.
#.##.....##..#
#..{##.######.##..#### ...
+.oo)@................ #.#
#..o##'######.#...>... #.#
#(..#.................
#.......#.............####
#.#######(............#
#.#######.............####
####.........................
#............................
##.################..........


You could see 2 orc priests and an orc.

Vanquished Creatures
  An adder (D:2)
  7 worms
  3 dart slugs
  An orc (D:3)
  A giant cockroach (D:1)
  4 goblins
  7 hobgoblins
  2 jackals (D:1)
  5 kobolds
  A quokka (D:3)
  A ball python (D:2)
  4 bats
  5 frilled lizards
  2 rats
44 creatures vanquished.

Notes
Turn   | Place    | Note
-------+----------+-------------------------------------------
     0 | D:1      | Gildeon the Demigod Conjurer began the quest for the Orb.
     0 | D:1      | Reached XP level 1. HP: 14/14 MP: 5/5
   467 | D:1      | Reached XP level 2. HP: 20/20 MP: 6/8
   477 | D:1      | Learned a level 2 spell: Searing Ray
  1585 | D:2      | Reached XP level 3. HP: 10/26 MP: 3/10
  1783 | D:2      | Learned a level 3 spell: Dazzling Spray
  3203 | D:3      | Killed from afar by an orc priest

Vault maps used:
D:1:      matt_arrival_spirals
D:4:      grunt_qazlal_sundering

Skill      XL: |  1  2 |
---------------+-------+-----
Spellcasting   | 2 3 |  3.8
Dodging        | |  1.7
Stealth        | |  1.7
Conjurations   | |  3.6

Action                   || total
-------------------------++-------
Melee: Club              ||     5
 Cast: Magic Dart        ||    94
       Searing Ray       ||     6
  Use: Scroll            ||    10
  Eat: Chunk             ||     5
       Ration            ||     1
Armor: Robe              ||     4
Dodge: Dodged            ||    26

Table legend:
 A = Spawn XP
 B = Non-spawn XP
 C = Spawn XP percentage of total XP
 D = Spawn monster count
 E = Non-spawn monster count
 F = Spawn count percentage of total count
 G = Total turns spent on level
                    A         B        C        D         E        F      G
               +---------+---------+-------+---------+---------+-------+---------
         Total |       0 |     112 |   0.0 |       0 |      44 |   0.0 |  3203
               +---------+---------+-------+---------+---------+-------+---------
           D:1 |       0 |      30 |   0.0 |       0 |      17 |   0.0 |   885
           D:2 |       0 |      66 |   0.0 |       0 |      20 |   0.0 |  1654
           D:3 |       0 |      16 |   0.0 |       0 |       7 |   0.0 |   660
               +---------+---------+-------+---------+---------+-------+---------
